 Dungeon Crawl Stone Soup version 0.21-a0-351-g38363bb (webtiles) character file.

170 nikopol the Shield-Bearer (level 5, -6/33 HPs)
             Began as a Gargoyle Fighter on Oct 9, 2017.
             Mangled by nikopol's ghost (10 damage)
             ... on level 3 of the Dungeon.
             The game lasted 00:04:28 (1728 turns).

nikopol the Shield-Bearer (Gargoyle Fighter)        Turns: 1728, Time: 00:04:29

Health: -6/33      AC: 12    Str: 25    XL:     5   Next: 51%
Magic:  5/5        EV:  8    Int:  9    God:
Gold:   51         SH: 10    Dex:  9    Spells: 4/4 levels left

rFire    . . .     SeeInvis .   a - +0 trident
rCold    . . .     Gourm    .   c - +0 shield
rNeg     + . .     Faith    .   b - +0 scale mail
rPois    ∞         Spirit   .   t - +1 hat
rElec    +         Reflect  .   (no cloak)
rCorr    .         Harm     .   (no gloves)
MR       .....                  (no boots)
Stlth    ..........             (no amulet)
HPRegen  0.11/turn              (no ring)
MPRegen  0.09/turn              (no ring)

@: mighty
A: negative energy resistance 1, electricity resistance, unbreathing,
petrification resistance, rot immunity, AC +4
a: no special abilities


You were on level 3 of the Dungeon.
You were not hungry.

You visited 1 branch of the dungeon, and saw 3 of its levels.

You collected 51 gold pieces.

Inventory:

Hand Weapons
 a - a +0 trident (weapon)
Missiles
 s - 5 tomahawks (quivered)
Armour
 b - a +0 scale mail (worn)
 c - a +0 shield (worn)
 t - a +1 hat (worn)
Jewellery
 h - an uncursed ring of wizardry {unknown}
 l - an uncursed ring of stealth {unknown}
Scrolls
 e - 2 scrolls of teleportation {unknown}
 g - 2 scrolls of amnesia {unknown}
 i - 2 scrolls of recharging {unknown}
 m - a scroll of enchant weapon {unknown}
 n - 3 scrolls of enchant armour {unknown}
 p - a scroll of magic mapping {unknown}
 q - 3 scrolls of remove curse {unknown}
 v - 2 scrolls of identify {unknown}
Potions
 j - a potion of agility {unknown}
 k - a potion of brilliance {unknown}
 o - a potion of haste {unknown}
 r - a potion of curing {unknown}
 w - a potion of resistance {unknown}
Comestibles
 f - 4 bread rations
 u - 4 fruits


   Skills:
 + Level 3.8 Fighting
 + Level 3.4 Polearms
 + Level 4.1 Armour
 + Level 0.4 Dodging
 + Level 0.1 Stealth
 + Level 4.3 Shields


You had 4 spell levels left.
You didn't know any spells.

Dungeon Overview and Level Annotations

Branches:
Dungeon (3/15)

Altars:

Annotations:
D:3 nikopol's ghost, amateur HOFi


Innate Abilities, Weirdness & Mutations

You are resistant to torment.
Your stone body is resilient. (AC +4)
You are immune to poison.
You resist negative energy. (rN+)
You are resistant to electric shocks. (rElec)
You can survive without breathing.
You are immune to petrification.
You are immune to rotting.


Message History

You are too injured to fight recklessly!
You are too injured to fight recklessly!
You are too injured to fight recklessly!
You are too injured to fight recklessly!
You are too injured to fight recklessly!
You are too injured to fight recklessly!
You are too injured to fight recklessly!
You are too injured to fight recklessly!
You are too injured to fight recklessly!
Sorry, you're not good enough to have a special ability.
You feel very mighty all of a sudden. The adder bites you but does no damage.
Nikopol's ghost hits you!
* * * LOW HITPOINT WARNING * * *
You closely miss nikopol's ghost. The adder bites you but does no damage.
Nikopol's ghost barely misses you. You block the adder's attack.
Nikopol's ghost hits you.
* * * LOW HITPOINT WARNING * * *
You closely miss the adder. You block the adder's attack.
Nikopol's ghost hits you!
You die...

#...####### #.#
#.#.......# #.#
#.#..####.# #
#.#####.#..####.##
#.#.#...).#.......##
.#.#.######.#######
..#.# ####.# #...
.#. #W#.#
#....####.##
.....#@#.#
#...........
#)<.S...#
#...#####.#.
......#.### #####
#.#. ...!###.####
#.#. #.. .......#
#.#. ## #......#
#.#. ###......# #.<.
.........# #...
#.##.....# ##..


You could see nikopol's ghost and an adder.

Vanquished Creatures
  Jessica (D:2)
  Natasha (D:3)
  5 adders
  6 worms (D:2)
  A dart slug (D:1)
  An orc (D:3)
  4 ball pythons
  3 giant cockroaches
  3 goblins
  6 hobgoblins
  5 kobolds
  2 quokkas
  10 bats
  8 frilled lizards
  6 rats
62 creatures vanquished.

Notes
Turn   | Place    | Note
-------+----------+-------------------------------------------
     0 | D:1      | nikopol the Gargoyle Fighter began the quest for the Orb.
     0 | D:1      | Reached XP level 1. HP: 14/14 MP: 1/1
   125 | D:1      | Reached XP level 2. HP: 14/19 MP: 2/2
   671 | D:1      | Reached XP level 3. HP: 23/23 MP: 3/3
  1035 | D:2      | Reached XP level 4. HP: 29/29 MP: 4/4
  1151 | D:2      | Noticed Jessica
  1194 | D:2      | Killed Jessica
  1361 | D:2      | Reached XP level 5. HP: 33/33 MP: 5/5
  1555 | D:3      | Noticed Natasha
  1562 | D:3      | Killed Natasha
  1713 | D:3      | Noticed nikopol's ghost (amateur HOFi)
  1728 | D:3      | Mangled by nikopol's ghost

Vault maps used:
D:1:      doesnt_arrival_eight_statues, minmay_misc_feat_tiny
D:2:      uniq_jessica
D:3:      uniq_natasha

Skill      XL: |  1  2  3  4  5 |
---------------+----------------+-----
Polearms       | 2 3 |  3.4
Shields        | 4 |  4.3
Armour         | 4 |  4.1
Fighting       | |  3.8
Dodging        | |  0.4
Stealth        | |  0.1

Action                   |  1- 3 |  4- 6 || total
-------------------------+-------+-------++-------
Melee: Trident           |   145 |   140 ||   285
  Use: Potion            |       |     1 ||     1
  Eat: Chunk             |     1 |     2 ||     3
Armor: Scale mail        |    52 |    56 ||   108
Dodge: Dodged            |    27 |    32 ||    59
Block: Shield            |    54 |    63 ||   117

Table legend:
 A = Spawn XP
 B = Non-spawn XP
 C = Spawn XP percentage of total XP
 D = Spawn monster count
 E = Non-spawn monster count
 F = Spawn count percentage of total count
 G = Total turns spent on level
                    A         B        C        D         E        F      G
               +---------+---------+-------+---------+---------+-------+---------
         Total |       0 |     244 |   0.0 |       0 |      62 |   0.0 |  1728
               +---------+---------+-------+---------+---------+-------+---------
           D:1 |       0 |      35 |   0.0 |       0 |      23 |   0.0 |   700
           D:2 |       0 |     142 |   0.0 |       0 |      25 |   0.0 |   837
           D:3 |       0 |      67 |   0.0 |       0 |      14 |   0.0 |   191
               +---------+---------+-------+---------+---------+-------+---------
